 Dungeon Crawl Stone Soup version 0.20.0-15-g7f486f2 (webtiles) character file.

4478 greprep the Geomancer (level 10, -2/53 HPs)
             Began as a Gargoyle Earth Elementalist on June 21, 2017.
             Was a Follower of Vehumet.
             Slain by an unseen horror (5 damage)
             ... on level 9 of the Dungeon.
             The game lasted 00:27:24 (12938 turns).

greprep the Geomancer (GrEE)                       Turns: 12938, Time: 00:27:25

Health: -2/53      AC: 11    Str: 12    XL:     10   Next: 38%
Magic:  20/22      EV: 13    Int: 22    God:    Vehumet [*.....]
Gold:   380        SH:  4    Dex: 17    Spells: 17/26 levels left

rFire    . . .     SeeInvis .   N - +3 flail
rCold    . . .     Gourm    .   J - +0 buckler
rNeg     + . .     Faith    .   B - +1 robe "Asuankemm" {MR+++ Dex+7 Stlth-}
rPois    ∞         Spirit   .   F - +1 hat
rElec    +         Reflect  .   (no cloak)
rCorr    .         Harm     .   (no gloves)
MR       ++++.                  (no boots)
Stlth    +.........             E - amulet of regeneration
Regen    0.6/turn               s - ring of protection from magic
MPRegen  0.2/turn               D - +3 ring of intelligence

@: very slightly contaminated, invisible
A: negative energy resistance 1, electricity resistance, unbreathing,
petrification resistance, rot immunity, AC +7
a: Renounce Religion


You were on level 9 of the Dungeon.
You worshipped Vehumet.
Vehumet was aware of your devotion.
You were not hungry.

You visited 1 branch of the dungeon, and saw 9 of its levels.

You collected 615 gold pieces.
You spent 235 gold pieces at shops.

Inventory:

Hand Weapons
 N - a +3 flail (weapon)
Missiles
 b - 83 stones (quivered)
Armour
 c - a +0 robe
 g - a +0 helmet
 B - the +1 robe "Asuankemm" (worn) {MR+++ Dex+7 Stlth-}
   (You found it on level 4 of the Dungeon)

   It affects your dexterity (+7).
   It affects your resistance to hostile enchantments.
   It makes you less stealthy.
 F - a +1 hat (worn)
 J - a +0 buckler (worn)
Jewellery
 a - an uncursed ring of positive energy
 s - a ring of protection from magic (left hand)
 D - a +3 ring of intelligence (right hand)
 E - an amulet of regeneration (around neck)
 K - an uncursed ring of wizardry {unknown}
Wands
 x - a wand of flame (25/48)
 y - a wand of iceblast (11/15)
 A - a wand of enslavement (6/24)
 C - a wand of flame (16/48)
 H - a wand of enslavement (15/24)
 I - a wand of iceblast (8/15)
Scrolls
 f - a scroll of fog
 h - 3 scrolls of identify
 l - a scroll of enchant armour {unknown}
 n - a scroll of fear
 o - 5 scrolls of remove curse
 t - 2 scrolls of recharging {unknown}
 w - 3 scrolls of enchant weapon
 z - 2 scrolls of magic mapping
 L - a scroll of teleportation {unknown}
Potions
 i - a potion of flight {unknown}
 j - 8 potions of curing
 k - a potion of invisibility
 q - 4 potions of lignification
 r - 2 potions of ambrosia
 u - a potion of brilliance {unknown}
 G - a potion of might {unknown}
Books
 e - a book of Geomancy

   Spells                             Type                      Level
   a - Sandblast                      Earth                        1
   b - Passwall                       Transmutation/Earth          2
   c - Stone Arrow                    Conjuration/Earth            3
   d - Petrify                        Transmutation/Earth          4
   e - Lee's Rapid Deconstruction     Earth                        5
Comestibles
 d - 3 bread rations
 m - 5 meat rations
 p - 4 royal jellies
 v - 6 fruits
 M - 2 chunks of flesh


   Skills:
 + Level 2.1 Fighting
 + Level 3.5 Maces & Flails
 + Level 3.8 Dodging
 - Level 3.2 Stealth
 + Level 0.2 Shields
 + Level 8.6 Spellcasting
 + Level 4.9 Conjurations
   Level 0.7 Transmutations
 + Level 10.8 Earth Magic


You had 17 spell levels left.
You knew the following spells:

 Your Spells              Type           Power        Failure   Level  Hunger
a - Sandblast             Erth           ######       1%          1    None
b - Stone Arrow           Conj/Erth      #####.       1%          3    None
c - Lee's Rapid Deconstr  Erth           ######....   3%          5    #####..


Dungeon Overview and Level Annotations

Branches:
Dungeon (9/15)             Temple (0/1) D:7
   Lair: D:8-11         Orc: D:9-12

Altars:
Dithmenos
Fedhas
Gozag
Nemelex Xobeh
Qazlal
Ru
Trog
Vehumet
Yredelemnul

Shops:
D:5 =

Annotations:
D:6 Mellonil's ghost, novice DrBe


Innate Abilities, Weirdness & Mutations

You are resistant to torment.
Your stone body is resilient. (AC +7)
You are immune to poison.
You resist negative energy. (rN+)
You are resistant to electric shocks. (rElec)
You can survive without breathing.
You are immune to petrification.
You are immune to rotting.


Message History

Press: ? - help, Shift-Dir - straight line, f/p - two-headed ogre
Aim: a two-headed ogre, wielding a giant club and a dire flail (heavily wounded)
The blast of sand hits the two-headed ogre.
The two-headed ogre is almost dead.
b - 83 stones The howler monkey hoots and howls with incredible vigour!
The two-headed ogre hits you with a giant club!!
Ouch! That really hurt!
* * * LOW HITPOINT WARNING * * *
The two-headed ogre hits you but does no damage.
You hear a shout! x2; You hear an angry hiss.
An orc warrior comes into view. It is wielding a dire flail.
Something hits you but does no damage.
You fade into invisibility!
Something hits you!
* * * LOW HITPOINT WARNING * * *
You are very lightly contaminated with residual magic.
Something hits you but does no damage. Something hits you.
You die...

#..........#...#
.#..............##
.................
.#.............#
...............#
#..............#
#.<..........o.########
#.>........<..o........ .#
.#.########@###T########...#
# #.........h.O...........#
#.##.###.#.#.##.........#
.........#.#......###...#
#.########....#..... ...
..........###..## ##
#########........ ####..###
#..#


You could see a two-headed ogre, an orc warrior, a howler monkey and an orc
priest.

Vanquished Creatures
  A two-headed ogre (D:8)
  Menkaure (D:5)
  4 sky beasts
  2 orc warriors (D:6)
  A black bear (D:5)
  An ice beast (D:6)
  5 ogres
  4 centaurs
  2 phantoms
  3 bullfrogs
  A scorpion (D:7)
  4 wights (D:8)
  4 crimson imps
  A bullfrog zombie (D:6)
  A gnoll shaman (D:5)
  3 hounds
  8 orc wizards
  A bullfrog skeleton (D:7)
  An orc priest (D:5)
  3 jellies
  3 centaur skeletons
  3 iguanas
  Ijyb (D:5)
  5 worker ants
  2 hound skeletons (D:4)
  2 hound zombies
  Robin (D:2)
  8 gnolls
  13 adders
  A shadow imp (D:6)
  2 oozes
  3 adder skeletons
  4 worms
  A dart slug (D:3)
  4 leopard geckos
  23 orcs
  5 bats
  4 giant cockroaches
  19 goblins
  7 hobgoblins
  3 jackals (D:2)
  5 kobolds
  6 quokkas
  4 ball pythons
  3 frilled lizards
  2 giant cockroach zombies
  2 quokka skeletons (D:5)
  2 quokka zombies
  6 rats
195 creatures vanquished.

Vanquished Creatures (others)
  A wizard (D:6)
1 creature vanquished.

Grand Total: 196 creatures vanquished

Notes
Turn   | Place    | Note
-------+----------+-------------------------------------------
     0 | D:1      | greprep the Gargoyle Earth Elementalist began the quest for the Orb.
     0 | D:1      | Reached XP level 1. HP: 10/10 MP: 3/3
   249 | D:1      | Reached XP level 2. HP: 15/15 MP: 1/5
   490 | D:1      | Reached skill level 4 in Earth Magic
  1220 | D:1      | Reached XP level 3. HP: 17/19 MP: 6/6
  1250 | D:1      | Learned a level 3 spell: Stone Arrow
  2575 | D:2      | Found a shadowy altar of Dithmenos.
  2575 | D:2      | Found a faded altar of an unknown god.
  2580 | D:2      | Found a sparkling altar of Nemelex Xobeh.
  2582 | D:2      | Found a bloodstained altar of Trog.
  2584 | D:2      | Found a faded altar of an unknown god.
  2652 | D:2      | Reached XP level 4. HP: 24/24 MP: 0/8
  2862 | D:2      | Noticed Robin
  2873 | D:2      | Reached skill level 1 in Maces & Flails
  2889 | D:2      | Killed Robin
  3243 | D:3      | Reached XP level 5. HP: 20/28 MP: 0/9
  3813 | D:3      | Found a sacrificial altar of Ru.
  3956 | D:3      | Noticed a sky beast
  3970 | D:3      | Killed a sky beast
  3970 | D:3      | Reached skill level 5 in Earth Magic
  3970 | D:3      | Reached XP level 6. HP: 25/33 MP: 5/11
  4790 | D:4      | Reached skill level 1 in Fighting
  4790 | D:4      | Reached XP level 7. HP: 16/38 MP: 11/13
  5084 | D:4      | Reached skill level 6 in Earth Magic
  5564 | D:4      | Got an ancient robe
  5575 | D:4      | Identified the cursed +1 robe "Asuankemm" {MR+++ Dex+7 Stlth-} (You found it on level 4 of the Dungeon)
  5768 | D:4      | Reached skill level 1 in Conjurations
  6282 | D:5      | Entered Level 5 of the Dungeon
  6617 | D:5      | Noticed Menkaure
  6764 | D:5      | Reached skill level 5 in Spellcasting
  6986 | D:5      | Reached skill level 7 in Earth Magic
  6986 | D:5      | Reached XP level 8. HP: 43/43 MP: 9/15
  7381 | D:5      | Found a radiant altar of Vehumet.
  7382 | D:5      | Found a basalt altar of Yredelemnul.
  7386 | D:5      | Became a worshipper of Vehumet
  7410 | D:5      | Killed Menkaure
  7437 | D:5      | Noticed Ijyb
  7454 | D:5      | Killed Ijyb
  7836 | D:5      | Found Zexij's Jewellery Emporium.
  7839 | D:5      | Bought a +3 ring of intelligence for 235 gold pieces
  8105 | D:5      | Reached skill level 8 in Earth Magic
  8431 | D:6      | Found a bloodstained altar of Trog.
  8434 | D:6      | Noticed a wizard
  8439 | D:6      | Killed a wizard
  9192 | D:6      | Found an opulent altar of Gozag.
  9192 | D:6      | Noticed Mellonil's ghost (novice DrBe)
  9204 | D:6      | Found a stormy altar of Qazlal.
  9319 | D:6      | Learned a level 5 spell: Lee's Rapid Deconstruction
  9392 | D:6      | Reached XP level 9. HP: 48/48 MP: 8/18
 10293 | D:6      | Reached skill level 9 in Earth Magic
 10438 | D:6      | Reached * piety under Vehumet
 10438 | D:6      | Offered knowledge of Sting by Vehumet.
 11234 | D:7      | Found a blossoming altar of Fedhas.
 11245 | D:7      | Found a staircase to the Ecumenical Temple.
 11900 | D:7      | Reached skill level 10 in Earth Magic
 12020 | D:8      | Reached XP level 10. HP: 52/53 MP: 18/22
 12118 | D:8      | Noticed a two-headed ogre
 12128 | D:8      | Killed a two-headed ogre
 12922 | D:9      | Noticed a two-headed ogre
 12936 | D:9      | HP: 2/53 [something (7)]
 12938 | D:9      | Slain by an unseen horror

Skill      XL: |  1  2  3  4  5  6  7  8  9 |
---------------+----------------------------+-----
Earth Magic    | 4 5 7 8 10 | 10.8
Maces & Flails | 1 2 3 |  3.5
Spellcasting   | 3 4 5 6 8 |  8.6
Dodging        | 2 3 |  3.8
Stealth        | 3 |  3.2
Fighting       | 1 2 |  2.1
Conjurations   | 1 2 4 |  4.9
Shields        | |  0.2
Transmutations | |  0.7

Action                   |  1- 3 |  4- 6 |  7- 9 | 10-12 || total
-------------------------+-------+-------+-------+-------++-------
Melee: Club              |    61 |   100 |    94 |       ||   255
       Unarmed           |     2 |       |       |       ||     2
       Flail             |       |       |    15 |     1 ||    16
 Cast: Sandblast         |    31 |    60 |    64 |    19 ||   174
       Stone Arrow       |     3 |     3 |   114 |     4 ||   124
       Lee's Rapid Decon |       |       |     7 |     2 ||     9
  Use: Scroll            |       |       |    15 |       ||    15
       Potion            |       |       |       |     1 ||     1
 Stab: Sleeping          |     2 |     3 |     2 |       ||     7
  Eat: Royal jelly       |     1 |       |       |       ||     1
       Chunk             |     3 |     3 |    23 |     4 ||    33
       Bread ration      |       |     1 |       |       ||     1
       Meat ration       |       |       |     1 |       ||     1
Armor: Robe              |    28 |    63 |    66 |    13 ||   170
Dodge: Dodged            |    42 |    77 |   126 |     6 ||   251
Block: Buckler           |       |       |     1 |     3 ||     4
